 Dungeon Crawl Stone Soup version 0.19.0-2-gae57169 (webtiles) character file.

52 jacquesderrida the Ruffian (level 3, 0/19 HPs)
             Began as a Vine Stalker Wanderer on Nov 5, 2016.
             Slain by a leopard gecko (2 damage)
             ... on level 3 of the Dungeon.
             The game lasted 00:02:05 (346 turns).

jacquesderrida the Ruffian (Vine Stalker Wanderer)   Turns: 346, Time: 00:02:06

Health: 0/19       AC:  3    Str: 14    XL:     3   Next: 85%
Magic:  0/4        EV: 10    Int: 13    God:
Gold:   40         SH:  0    Dex: 13    Spells: 0 memorised, 2 levels left

rFire  . . .     SeeInvis .     a - +2 hand crossbow
rCold  . . .     Gourm    .     i - +0 leather armour (curse)
rNeg   . . .     Faith    .     (no shield)
rPois  .         Spirit   +     (no helmet)
rElec  .         Reflect  .     (no cloak)
rCorr  .         Harm     .     (no gloves)
MR     .....                    (no boots)
Stlth  ++........               (no amulet)
                                (no ring)
                                (no ring)

@: lethally poisoned (0 -> -5)
A: fangs 2, magic shield, antimagic bite, no device heal 3, rot immunity
a: no special abilities


You were on level 3 of the Dungeon.
You were not hungry.

You visited 1 branch of the dungeon, and saw 3 of its levels.

You collected 40 gold pieces.

Inventory:

Hand Weapons
 a - a +2 hand crossbow (weapon)
 c - a +0 hand axe
 f - a +0 dagger
Missiles
 b - 41 bolts (quivered)
Armour
 e - a +0 robe
 h - a +0 buckler
 i - a cursed +0 leather armour (worn)
 l - a +0 ring mail
Wands
 d - a wand of random effects (13/48)
Scrolls
 k - a scroll of enchant weapon {unknown}
 m - a scroll of remove curse {unknown}
Comestibles
 g - a bread ration
 j - a beef jerky


   Skills:
 + Level 2.4 Fighting
 - Level 1.7 Crossbows
 - Level 1.5 Armour
 - Level 2.4 Stealth
 * Level 3.0 Unarmed Combat
 - Level 1.0 Evocations


You had 2 spell levels left.
You didn't know any spells.

Dungeon Overview and Level Annotations

Branches:
Dungeon (3/15)

Altars:


Innate Abilities, Weirdness & Mutations

You have extremely sharp teeth.
When hurt, damage is shared between your health and your magic reserves.
Your bite disrupts and absorbs the magic of your enemies.
Potions and wands cannot restore your health.
You are immune to rotting.


Message History

Firing (i - inventory):
b - 42 bolts (quivered)
Press: ? - help, Shift-Dir - straight line, f/p - leopard gecko
Aim: a leopard gecko (clinging)
You shoot a bolt. The bolt hits the leopard gecko.
The leopard gecko is severely wounded.
* * * LOW HITPOINT WARNING * * *
You feel sick. The leopard gecko bites you.
* * * LOW HITPOINT WARNING * * *
Unknown command.
You aren't carrying any potions.
Evoke which item? (* to show all) (? for menu, Esc to quit)
Zapping:
d - a wand of random effects (14/48)
Press: ? - help, Shift-Dir - straight line, f/p - leopard gecko
Aim: a leopard gecko (severely wounded, clinging)
The leopard gecko flickers and vanishes!
Deactivating autopickup; reactivate with Ctrl-A.
This wand has 13 charges left.
Something bites you.
* * * LOW HITPOINT WARNING * * *
Something bites you.
You die...

..(................
..................##
.(..................# .
........)......#....###.
....<...(......##.......
..........(....##..#..##
.....##..##.....#.......
......##{#..............
.......@................
.....(.##...............
....>...................
........................
..............(.........
...........†............
.........#..............
.........##...(........#
............#.#######


There were no monsters in sight!

Vanquished Creatures
  3 adders
  3 oozes (D:1)
  An adder skeleton (D:3)
  A dart slug (D:1)
  A giant cockroach (D:2)
  A hobgoblin (D:3)
  A bat (D:3)
  A rat (D:1)
12 creatures vanquished.

Notes
Turn   | Place    | Note
-------+----------+-------------------------------------------
     0 | D:1      | jacquesderrida the Vine Stalker Wanderer began the quest for the Orb.
     0 | D:1      | jacquesderrida set off with: a +2 hand crossbow, 24 bolts, a +0 hand axe, a wand of random effects (15/48), a +0 robe, a +0 dagger, a bread ration
     0 | D:1      | Reached XP level 1. HP: 11/11 MP: 2/2
    15 | D:1      | Reached XP level 2. HP: 15/15 MP: 3/3
    32 | D:1      | Reached skill level 2 in Unarmed Combat
   191 | D:2      | Reached XP level 3. HP: 17/18 MP: 4/4
   287 | D:3      | Reached skill level 3 in Unarmed Combat
   346 | D:3      | Slain by a leopard gecko

Skill      XL: |  1  2  3 |
---------------+----------+-----
Fighting       | 2 |  2.4
Unarmed Combat | 2 3 |  3.0
Crossbows      | |  1.7
Armour         | |  1.5
Stealth        | |  2.4
Evocations     | |  1.0

Action                   || total
-------------------------++-------
 Fire: Hand crossbow     ||    35
Evoke: Wand              ||     2
Armor: Robe              ||     2
       Leather armour    ||     6
Dodge: Dodged            ||    17
